 Dungeon Crawl Stone Soup version 0.14-a0-2506-gc7bb754 (webtiles) character file.

256 BluebellGnoll the Vexing (level 5, -5/31 HPs)
             Began as an Octopode Enchanter on Feb 9, 2014.
             Slain by flammableBen's ghost (7 damage)
             ... on Level 3 of the Dungeon.
             The game lasted 00:26:39 (3839 turns).

BluebellGnoll the Vexing (Octopode Enchanter)       Turns: 3839, Time: 00:26:39

HP  -5/31        AC  1     Str  8      XL: 5   Next: 25%
MP   7/10        EV 12     Int 17      God:
Gold 113         SH  0     Dex 13      Spells:  4 memorised,  1 level left

rFire  . . .     SeeInvis .     k - +1,+2 short sword (venom)
rCold  . . .     Clarity  .     (no shield)
rNeg   . . .     Conserve .     (helmet restricted)
rPois  .         rCorr    .     (no amulet)
rElec  .         rRot     .     b - ring of flight
SustAb . .       Spirit   .     (no ring)
rMut   .         Warding  .     (no ring)
Saprov . . .     Stasis   .     (no ring)
MR     .....                    (no ring)
                                (no ring)
                                (no ring)
                                (no ring)

@: mildly poisoned, very slightly contaminated, hasted, drained, very quick, not
resistant to hostile enchantments, quite stealthy
A: almost no armour, amphibious, 8 rings, constrict 8, camouflage 1, gelatinous
body 1
a: Evoke Flight


You were on level 3 of the Dungeon.
You were not hungry.

You visited 1 branch of the dungeon, and saw 3 of its levels.

You collected 113 gold pieces.

Inventory:

Hand weapons
 a - a +1,+1 dagger
 j - a +1,+0 dwarven dagger
 k - a +1,+2 short sword of venom (weapon)
Missiles
 d - 20 darts
 p - 5 poisoned darts (quivered)
 w - 4 javelins of returning
Comestibles
 f - 2 bread rations
 g - 3 apples
 t - a meat ration
 B - a chunk of adder flesh
 C - a chunk of bat flesh
Scrolls
 e - 2 scrolls of teleportation
 l - a scroll of remove curse {unknown}
 r - a scroll of amnesia
 u - a scroll of enchant weapon I
Jewellery
 b - a ring of flight (left tentacle)
Potions
 h - a potion of cure mutation {unknown}
 i - 2 potions of magic
 o - a potion of curing
 z - a potion of restore abilities
Books
 c - a book of Maledictions

   Spells                             Type                      Level
   *Corona                            Hexes                        1
   *Sure Blade                        Hexes/Charms                 2
   *Ensorcelled Hibernation           Hexes/Ice                    2
   *Confuse                           Hexes                        3
   Enslavement                        Hexes                        4
   Invisibility                       Hexes                        6


   Skills:
 - Level 1.2(0.9) Short Blades
 - Level 1.0(0.7) Throwing
 - Level 2.3(2.0) Dodging
 - Level 4.2(3.9) Stealth
 - Level 2.9(2.6) Spellcasting
 + Level 4.4(4.1) Hexes


You had one spell level left.
You knew the following spells:

 Your Spells              Type           Power        Failure   Level  Hunger
a - Corona                Hex            ###....      3%          1    #......
b - Sure Blade            Hex/Chrm       #.........   14%         2    ##.....
c - Confuse               Hex            ###.....     12%         3    ###....
d - Ensorcelled Hibernat  Hex/Ice        #.....       14%         2    ##.....


Dungeon Overview and Level Annotations

Branches:
Dungeon (3/16)

Altars:

Annotations:
D:3 flammableBen's ghost, weakling HOCK


Innate Abilities, Weirdness & Mutations

You cannot wear most types of armour.
You are amphibious.
You can wear up to eight rings at the same time.
You can use your tentacles to constrict many enemies at once.
Your skin changes colour to match your surroundings (Stlth).
Your rubbery body absorbs attacks (AC +1).


Message History

Drink which item? (? for menu, Esc to quit)
You feel much better.
You hit flammableBen's ghost.
FlammableBen's ghost is heavily damaged.
FlammableBen's ghost barely misses you.
You closely miss flammableBen's ghost.
FlammableBen's ghost is heavily damaged.
FlammableBen's ghost barely misses you.
You closely miss flammableBen's ghost.
FlammableBen's ghost is heavily damaged.
You feel sick.
You hit flammableBen's ghost.
FlammableBen's ghost is severely damaged.
FlammableBen's ghost hits you! Space warps horribly around you!
Ouch! That really hurt!
* * * LOW HITPOINT WARNING * * *
You hit flammableBen's ghost. You squeeze flammableBen's ghost.
FlammableBen's ghost is severely damaged.
FlammableBen's ghost hits you!
You die...

##### ######<..#...##
#...###..)[.[.......###
#.......####...####....
#........###......#.<..
###....................
#...................##.
##.#.###................
#.)..#...#.###...#...##.
###....#.@.#.#.....#...###
#......#..p#.#.....#...###
#....#...#.[).(...........
#.........................
####.....###.#.........###
#...### #.#......[..#..
***#.### #.#.<.#.....#..
*,...**** #.....#.#.#.#..
#....,,,####...###.#.#.##.


You could see flammableBen's ghost.

Vanquished Creatures
  8 adders
  A giant gecko (D:2)
  5 orcs (D:3)
  5 bats
  3 giant cockroaches
  9 hobgoblins
  6 jackals
  A quokka (D:1)
  A ball python (D:3)
  4 giant newts
  7 goblins
  11 kobolds
  4 rats
65 creatures vanquished.

Notes
Turn   | Place    | Note
--------------------------------------------------------------
     0 | D:1      | BluebellGnoll, the Octopode Enchanter, began the quest for the Orb.
     0 | D:1      | Reached XP level 1. HP: 11/11 MP: 3/3
   672 | D:1      | Reached XP level 2. HP: 12/17 MP: 2/4
   686 | D:1      | Learned a level 2 spell: Sure Blade
  1132 | D:1      | Reached skill level 4 in Stealth
  1291 | D:1      | Reached XP level 3. HP: 21/21 MP: 6/6
  1296 | D:1      | Learned a level 3 spell: Confuse
  1878 | D:2      | Reached XP level 4. HP: 27/27 MP: 5/8
  1882 | D:2      | Learned a level 2 spell: Ensorcelled Hibernation
  2958 | D:3      | Noticed flammableBen's ghost (weakling HOCK)
  3410 | D:3      | Reached XP level 5. HP: 28/31 MP: 5/10
  3839 | D:3      | Slain by flammableBen's ghost

Action                   |  1- 3 |  4- 6 || total
-------------------------+-------+-------++-------
Melee: Dagger            |    22 |       ||    22
       Short sword       |    48 |   100 ||   148
Throw: Dart              |     2 |     1 ||     3
 Cast: Corona            |    16 |    12 ||    28
       Sure Blade        |     8 |    16 ||    24
       Confuse           |       |     3 ||     3
  Use: Scroll            |     7 |     8 ||    15
       Potion            |       |     2 ||     2
 Stab: Sleeping          |     6 |     3 ||     9
       Confused          |       |     1 ||     1
